[Event "Titled Tuesday Blitz March 07 Late 2023"]
[White "Licznerski, Lukasz"]
[Black "Do Valle Cardoso, Lucas"]
[WhiteFideId "1179250"]
[BlackFideId "2163144"]
[WhiteElo "2450"]
[BlackElo "2383"]
[Result "1-0"]
[Round "07"]
[TimeControl "180+2"]
[Date "2023.03.07"]
[WhiteClock "0:00:39"]
[BlackClock "0:00:04"]

1. e4 c5 2. Nf3 d6 3. d4 cxd4 4. Nxd4 Nf6 5. Nc3 a6 6. Be2 e5 7. Nf3 Be7 8. Bg5 Be6 9. Bxf6 Bxf6 10. Nd5 Nd7 11. Qd2 g6 12. O-O Bg7 13. Rfd1 Nc5 14. Qe3 O-O 15. Rd2 f5 16. exf5 gxf5 17. Bc4 b5 18. Bb3 f4 19. Qe1 Kh8 20. Nc3 Bf5 21. Bd5 Rc8 22. Ne4 Qe7 23. Rad1 Rfd8 24. h3 h6 25. c3 Nxe4 26. Bxe4 Be6 27. Bd5 Bf5 28. Nd4 Bd7 29. Nf3 Qf6 30. Bb7 Rb8 31. Rxd6 Rxb7 32. Rxf6 Bxf6 33. Qe4 Rc7 34. Nxe5 Re8 35. Rxd7 Rxd7 36. Ng6+ Kg7 37. Qxe8 Rd8 38. Qe4 f3 39. Nf4 Rd1+ 40. Kh2 1-0


[Site "https://www.chess.com"]

[Event "Titled Tuesday Blitz March 07 Late 2023"]
[White "Guzman, Christopher"]
[Black "Zhigalko, Sergei"]
[WhiteFideId "6405096"]
[BlackFideId "13502956"]
[WhiteElo "2281"]
[BlackElo "2626"]
[Result "0-1"]
[Round "07"]
[TimeControl "180+2"]
[Date "2023.03.07"]
[WhiteClock "0:00:04"]
[BlackClock "0:00:06"]

1. e4 c5 2. Nf3 Nc6 3. d4 cxd4 4. Nxd4 Nf6 5. Nc3 e5 6. Ndb5 d6 7. Bg5 a6 8. Na3 b5 9. Nd5 Be7 10. Bxf6 Bxf6 11. c3 Bg5 12. Nc2 Ne7 13. a4 bxa4 14. Rxa4 Nxd5 15. Qxd5 Be6 16. Qd1 Qb6 17. Nb4 a5 18. Nd5 Qxb2 19. Bb5+ Kf8 20. c4 g6 21. O-O Kg7 22. Nc7 Rad8 23. Nxe6+ fxe6 24. Rxa5 Rhf8 25. Ra7+ Kh8 26. Qa1 Qd2 27. Qd1 Rxf2 28. Qxd2 Rxd2 29. Raf7 Be3+ 30. Kh1 Ra8 31. Rf8+ Rxf8 32. Rxf8+ Kg7 33. Rf1 Rc2 34. g3 h5 35. h4 Bc5 36. Rf3 Re2 37. Bc6 Bd4 38. Bd7 Rxe4 39. Bxe6 Re1+ 40. Kg2 Re2+ 41. Kh1 Re1+ 42. Kg2 e4 43. Rf7+ Kh6 44. Rd7 Re2+ 45. Kh1 Re1+ 46. Kg2 Re2+ 47. Kh1 Be5 48. Bg8 g5 49. Rh7+ Kg6 50. hxg5 Bxg3 51. Rh8 h4 52. Kg1 Kxg5 53. Bd5 e3 54. Re8 h3 55. Rg8+ Kf4 56. Rf8+ Ke5 57. Re8+ Kd4 58. Re4+ Kd3 0-1


[Site "https://www.chess.com"]

[Event "Titled Tuesday Blitz March 07 Late 2023"]
[White "Fishbein, Alexander"]
[Black "Krzyzanowski, Marcin"]
[WhiteFideId "2000377"]
[BlackFideId "1132199"]
[WhiteElo "2415"]
[BlackElo "2471"]
[Result "0-1"]
[Round "07"]
[TimeControl "180+2"]
[Date "2023.03.07"]
[WhiteClock "0:00:03"]
[BlackClock "0:00:03"]

1. e4 c5 2. Nf3 Nc6 3. d4 cxd4 4. Nxd4 e5 5. Nb5 d6 6. c4 Be6 7. Be3 a6 8. N5c3 Nf6 9. Be2 g6 10. O-O Bg7 11. Qd2 O-O 12. Na3 Rc8 13. f3 Nh5 14. Nc2 Nf4 15. Rfd1 Nxe2+ 16. Qxe2 f5 17. b3 b5 18. c5 Nd4 19. Nxd4 exd4 20. Bxd4 Bxd4+ 21. Rxd4 Rxc5 22. Qd2 Qc7 23. exf5 Bxf5 24. Nd5 Qg7 25. Re1 Rc2 26. Ne7+ Kh8 27. Qe3 Rxa2 28. Rxd6 Qb2 29. Qd4+ Qxd4+ 30. Rxd4 Rb2 31. b4 Kg7 32. Nd5 Rc8 33. Ne3 Be6 34. Re4 Bf7 35. Re7 Rxb4 36. Ra7 Re8 37. Rxa6 Rb3 38. Kf2 Rb2+ 39. Kg3 b4 40. Rb6 b3 41. Rb7 Rd2 42. Nc4 Rxe1 43. Nxd2 Re2 44. Nxb3 h5 45. Nd4 Rd2 46. Ne6+ Kf6 47. Nc5 Bd5 48. Rd7 Ke5 49. Ne4 h4+ 50. Kxh4 Rxg2 51. Re7+ Kf4 52. Kh3 Rg1 53. Ng3 Bxf3 54. Rf7+ Ke3 55. Re7+ Kf2 56. Rf7 Ra1 57. Ne4+ Ke3 58. Ng5 Bd5 59. Re7+ Kf4 60. Kh4 Ra3 61. Nh3+ Kf5 62. Re1 Ra4+ 63. Kg3 Be4 64. Rf1+ Ke5 65. Rf4 Ra3+ 66. Kh4 Bf5 67. Rf2 Rxh3+ 68. Kg5 Rh5# 0-1


[Site "https://www.chess.com"]

[Event "Titled Tuesday Blitz March 07 Late 2023"]
[White "Oro, Faustino"]
[Black "Baskakov, Egor"]
[WhiteFideId "20000197"]
[BlackFideId "24197866"]
[WhiteElo "1984"]
[BlackElo "2212"]
[Result "1/2-1/2"]
[Round "07"]
[TimeControl "180+2"]
[Date "2023.03.07"]
[WhiteClock "0:00:22"]
[BlackClock "0:01:09"]

1. e4 c5 2. Nf3 Nf6 3. e5 Nd5 4. Nc3 e6 5. Be2 Nc6 6. O-O d6 7. exd6 Bxd6 8. Re1 O-O 9. Bb5 Bd7 10. Ne4 Be7 11. c3 Qb6 12. Bxc6 Bxc6 13. d4 Rad8 14. dxc5 Bxc5 15. Nxc5 Qxc5 16. Qd4 Qxd4 17. Nxd4 Rc8 18. Be3 Nxe3 19. Rxe3 Rfd8 20. Kf1 b6 21. g3 Bb7 22. Ke1 Rd5 23. Rd1 e5 24. Nf5 Rxd1+ 25. Kxd1 Rd8+ 26. Ke1 f6 27. f4 g6 28. Nh6+ Kg7 29. Ng4 e4 30. Nf2 f5 31. g4 b5 32. gxf5 gxf5 33. Rg3+ Kf6 34. Rh3 Rd7 35. Rh6+ Kg7 36. Re6 a6 37. Nd1 Bc8 38. Rc6 Rd8 39. Ne3 Kf7 40. Ke2 h5 41. Rc7+ Kg6 42. Rc6+ Kg7 43. Rc7+ Kf6 44. Rc6+ Kg7 45. Rc7+ Kf6 46. Rc6+ Kg7 1/2-1/2


[Site "https://www.chess.com"]

[Event "Titled Tuesday Blitz March 07 Late 2023"]
[White "Czernek, Tymon"]
[Black "Melkumyan, Hrant"]
[WhiteFideId "1199510"]
[BlackFideId "13302485"]
[WhiteElo "2156"]
[BlackElo "2604"]
[Result "0-1"]
[Round "07"]
[TimeControl "180+2"]
[Date "2023.03.07"]
[WhiteClock "0:01:13"]
[BlackClock "0:01:42"]

1. e4 c6 2. d4 d5 3. f3 e6 4. Nc3 Bb4 5. Bd2 Ne7 6. Bd3 Nd7 7. e5 b6 8. f4 a5 9. Nf3 Ba6 10. Bxa6 Rxa6 11. a3 Bxc3 12. Bxc3 c5 13. O-O Qc8 14. Kh1 Nf5 15. g4 Ne3 16. Qe2 Nxf1 17. Rxf1 h5 18. gxh5 Rxh5 19. Ng5 g6 20. Nf3 cxd4 21. Nxd4 Qc4 22. Qf3 Ra8 23. b3 Qa6 24. a4 Rc8 25. Nb5 Kf8 26. Rg1 Nc5 27. Bb2 Ne4 28. Ba3+ Kg7 29. c4 Rch8 30. Rg2 Rh3 31. Qg4 Rxh2+ 32. Kg1 Rh1# 0-1


[Site "https://www.chess.com"]

[Event "Titled Tuesday Blitz March 07 Late 2023"]
[White "Mustafayev, Farid"]
[Black "Holt, Conrad"]
[WhiteFideId "13408771"]
[BlackFideId "2034387"]
[WhiteElo "2269"]
[BlackElo "2592"]
[Result "0-1"]
[Round "07"]
[TimeControl "180+2"]
[Date "2023.03.07"]
[WhiteClock "0:00:15"]
[BlackClock "0:01:37"]

1. d4 d5 2. c4 c6 3. Nf3 Nf6 4. e3 Bf5 5. Nbd2 h6 6. b3 e6 7. Bb2 Nbd7 8. Be2 Bd6 9. O-O Qb8 10. Rc1 O-O 11. h3 a5 12. Nh4 Bh7 13. f4 a4 14. c5 Be7 15. b4 Ne4 16. Nhf3 Ng3 17. Re1 Nxe2+ 18. Qxe2 b6 19. cxb6 a3 20. Ba1 Qxb6 21. Ne5 Nxe5 22. fxe5 Bxb4 23. Rf1 Qb5 24. Qf2 Bd3 25. Rfe1 Rac8 26. Bc3 f6 27. Qg3 fxe5 28. Qxe5 Rf6 29. Bxb4 Qxb4 30. Nb3 Bc4 31. Nc5 Qd2 32. h4 Qf2+ 0-1


[Site "https://www.chess.com"]

[Event "Titled Tuesday Blitz March 07 Late 2023"]
[White "Harsh Suresh"]
[Black "Gerzhoy, Leonid"]
[WhiteFideId "45018464"]
[BlackFideId "2806126"]
[WhiteElo "2227"]
[BlackElo "2604"]
[Result "0-1"]
[Round "07"]
[TimeControl "180+2"]
[Date "2023.03.07"]
[WhiteClock "0:00:10"]
[BlackClock "0:00:32"]

1. e4 d6 2. d4 Nf6 3. Nc3 e5 4. dxe5 dxe5 5. Qxd8+ Kxd8 6. Bg5 Be6 7. O-O-O+ Nd7 8. f3 c6 9. g3 h6 10. Bxf6+ gxf6 11. Bh3 Kc7 12. Bf5 h5 13. Nge2 h4 14. g4 Nc5 15. b3 Bh6+ 16. Kb2 Rad8 17. h3 Rxd1 18. Rxd1 Rd8 19. Rxd8 Kxd8 20. b4 Nd7 21. Bxe6 fxe6 22. a4 Nf8 23. Nd1 Nh7 24. Kc3 Ng5 25. Ng1 Kc7 26. Kd3 b5 27. axb5 cxb5 28. Ne3 Nf7 29. Ng2 Bg5 30. Ne2 Kb6 31. Nc3 a5 32. bxa5+ Kxa5 33. Ne2 Kb4 34. Nc3 Kc5 35. Ne2 b4 36. Ng1 Kb5 37. Ne2 Nd6 38. f4 exf4 39. Nexf4 Bxf4 40. Nxf4 e5 41. Ng2 Nf7 42. Nxh4 Ng5 43. Nf5 Nxh3 44. Ke3 Kc4 45. Kd2 Nf2 46. Ne3+ Kd4 47. Nf5+ Kxe4 48. Nd6+ Kf4 49. Ne8 Nxg4 50. Nc7 e4 51. Nd5+ Kf3 52. Nxb4 Kf2 53. c4 e3+ 54. Kc3 e2 55. Nd3+ Kf1 56. Kd2 Ne5 57. Ne1 Nxc4+ 58. Kd3 Kxe1 59. Kxc4 Kd2 60. Kd4 e1=Q 61. Kc4 f5 62. Kd4 f4 63. Kc5 f3 64. Kd4 f2 65. Kc4 f1=Q+ 66. Kd5 Qd3+ 67. Kc5 Qc1+ 68. Kb4 Qdb1+ 69. Ka4 Qcc2+ 70. Ka3 Qca2# 0-1


[Site "https://www.chess.com"]

[Event "Titled Tuesday Blitz March 07 Late 2023"]
[White "Costachi, Mihnea"]
[Black "Blomqvist, Erik"]
[WhiteFideId "1217518"]
[BlackFideId "1709437"]
[WhiteElo "2456"]
[BlackElo "2436"]
[Result "1-0"]
[Round "07"]
[TimeControl "180+2"]
[Date "2023.03.07"]
[WhiteClock "0:00:42"]
[BlackClock "0:00:06"]

1. d4 d5 2. c4 dxc4 3. Nf3 Nf6 4. e3 e6 5. Bxc4 c5 6. O-O Nc6 7. Nc3 a6 8. Bb3 b5 9. Qe2 Bb7 10. Rd1 Qc7 11. d5 exd5 12. Nxd5 Nxd5 13. Bxd5 Bd6 14. e4 O-O 15. h3 h6 16. b3 Rad8 17. Bb2 Rfe8 18. Rac1 Ne5 19. Nxe5 Bxe5 20. Bxe5 Rxe5 21. f4 Ree8 22. Bxb7 Rxd1+ 23. Rxd1 Qxb7 24. e5 Qc6 25. Qd3 c4 26. bxc4 bxc4 27. Qd6 Rc8 28. Qxc6 Rxc6 29. Kf2 c3 30. Ke3 c2 31. Rc1 Rc3+ 32. Kd4 Rc6 33. Kd3 Rg6 34. Rxc2 1-0


[Site "https://www.chess.com"]

[Event "Titled Tuesday Blitz March 07 Late 2023"]
[White "Rorrer, Grayson"]
[Black "Leiva, Gianmarco"]
[WhiteFideId "30944996"]
[BlackFideId "3804399"]
[WhiteElo "2200"]
[BlackElo "2345"]
[Result "1-0"]
[Round "07"]
[TimeControl "180+2"]
[Date "2023.03.07"]
[WhiteClock "0:00:07"]
[BlackClock "0:00:02"]

1. c4 e6 2. Nf3 d5 3. e3 Nf6 4. Nc3 b6 5. b3 Bb7 6. Bb2 a6 7. Be2 Nbd7 8. Qc2 c5 9. cxd5 exd5 10. d4 Rc8 11. O-O Bd6 12. Rac1 O-O 13. Rfd1 Qe7 14. dxc5 bxc5 15. Qb1 Rfd8 16. h3 Bb8 17. Qf5 Nf8 18. Na4 Ne4 19. Nb6 g6 20. Qg4 Rc7 21. Be5 Ba7 22. Bxc7 Qxc7 23. Na4 Qe7 24. Qh4 g5 25. Qh5 Ng6 26. Nc3 Nxc3 27. Rxc3 d4 28. Rcc1 dxe3 29. Qxg5 exf2+ 30. Kxf2 c4+ 31. Kf1 f6 32. Bxc4+ Kg7 33. Qg3 Rxd1+ 34. Rxd1 Bc6 35. Qe1 Qb7 36. Qg3 Bb8 37. Qf2 Ba7 38. Nd4 Be4 39. Ne6+ Kh6 40. Qd2+ Kh5 41. Be2+ Kh4 42. Qe1+ 1-0


[Site "https://www.chess.com"]

[Event "Titled Tuesday Blitz March 07 Late 2023"]
[White "Gubajdullin, Alexei"]
[Black "EREBUNI91"]
[WhiteFideId "4141202"]
[WhiteElo "2267"]
[BlackElo "2745"]
[Result "0-1"]
[Round "07"]
[TimeControl "180+2"]
[Date "2023.03.07"]
[WhiteClock "0:00:31"]
[BlackClock "0:01:21"]

1. d4 Nf6 2. Nf3 d5 3. Bf4 c5 4. e3 Nc6 5. Nbd2 Bg4 6. c3 e6 7. Qb3 Qc8 8. Ne5 Nxe5 9. dxe5 c4 10. Nxc4 dxc4 11. Bxc4 Nd7 12. f3 Bf5 13. e4 Bg6 14. O-O-O a6 15. Bxe6 fxe6 16. Qxe6+ Be7 17. Bg5 Qd8 18. h4 Bf7 19. Qg4 h5 20. Qg3 Bxg5+ 21. hxg5 Qa5 22. g6 Be6 23. Rd6 Qxa2 24. Rhd1 O-O-O 25. Qg5 Bb3 26. R1d4 Qa1+ 27. Kd2 Qd1+ 28. Ke3 Qe1+ 29. Kf4 Rhf8+ 0-1


[Site "https://www.chess.com"]

[Event "Titled Tuesday Blitz March 07 Late 2023"]
[White "Hambleton, Aman"]
[Black "Martinez Reyes, Pedro Ramon"]
[WhiteFideId "2606577"]
[BlackFideId "3901807"]
[WhiteElo "2511"]
[BlackElo "2340"]
[Result "1-0"]
[Round "07"]
[TimeControl "180+2"]
[Date "2023.03.07"]
[WhiteClock "0:00:04"]
[BlackClock "0:00:45"]

1. d4 Nf6 2. Bf4 e6 3. e3 b6 4. Nf3 Bb7 5. h3 Bd6 6. Ne5 O-O 7. Nd2 Nd5 8. Bh2 f6 9. Nef3 Bxh2 10. Nxh2 e5 11. dxe5 fxe5 12. Ndf3 Kh8 13. Nxe5 Qe7 14. Nd3 c5 15. c4 Nxe3 16. fxe3 Qxe3+ 17. Qe2 Qg3+ 18. Kd2 d5 19. Qg4 Qd6 20. Rd1 dxc4 21. Qxc4 Nc6 22. Kc1 Nd4 23. Kb1 Bd5 24. Qc1 Qe6 25. b3 Bxb3 26. axb3 Qxb3+ 27. Nb2 Rf2 28. Bc4 Qb4 29. Ng4 Rxg2 30. Ne3 Rf2 31. Rhf1 Raf8 32. Rxf2 Rxf2 33. Rf1 Rf6 34. Rxf6 gxf6 35. Nd5 Qa3 36. Nxf6 b5 37. Bd5 b4 38. Qh6 Nf5 39. Qxh7# 1-0


[Site "https://www.chess.com"]

[Event "Titled Tuesday Blitz March 07 Late 2023"]
[White "Janaszak, Dawid"]
[Black "Adewumi, Tanitoluwa"]
[WhiteFideId "1119206"]
[BlackFideId "30966396"]
[WhiteElo "2220"]
[BlackElo "2742"]
[Result "0-1"]
[Round "07"]
[TimeControl "180+2"]
[Date "2023.03.07"]
[WhiteClock "0:00:10"]
[BlackClock "0:00:08"]

1. e4 c5 2. Nc3 Nc6 3. Bb5 Nd4 4. Nf3 e6 5. O-O a6 6. Bd3 b5 7. Nxd4 cxd4 8. Ne2 Bc5 9. b3 Bb7 10. Bb2 e5 11. c3 dxc3 12. dxc3 d6 13. a4 Bc6 14. b4 Bb6 15. c4 bxc4 16. Bxc4 Nf6 17. a5 Ba7 18. Rc1 O-O 19. Bxf7+ Rxf7 20. Rxc6 Nxe4 21. Qd5 Nxf2 22. Rxa6 Kf8 23. Rxa7 Nh3+ 24. gxh3 Qg5+ 25. Ng3 Rxf1+ 26. Kxf1 Rxa7 27. Qxd6+ Re7 28. Bc3 Qf4+ 29. Ke2 Qc4+ 30. Kd2 Ke8 31. Qb8+ Kf7 32. Bxe5 Rd7+ 33. Bd6 Qf4+ 34. Kc3 Rxd6 35. Qb7+ Ke6 36. Qc8+ Ke7 37. Qc7+ Ke8 38. Qc8+ Rd8 39. Qe6+ Kf8 40. Qf5+ Qxf5 41. Nxf5 Kf7 42. b5 Ke6 43. Nd4+ Kd5 44. a6 Kc5 45. a7 Ra8 46. Nc6 Kxb5 47. Ne5 Rxa7 48. Kd4 Kb6 49. h4 Re7 50. Ke4 Kc5 51. Kf5 Kd5 52. Nf3 Rf7+ 53. Kg4 h6 54. h5 Ke4 55. Nh4 Rf4+ 56. Kg3 Rf6 57. Ng6 Kf5 58. h3 Kg5 59. h4+ Kxh5 60. Nf4+ Rxf4 61. Kxf4 Kxh4 0-1


[Site "https://www.chess.com"]

[Event "Titled Tuesday Blitz March 07 Late 2023"]
[White "Iliaguev, Nisim"]
[Black "Do Nascimento,Christian Almeida"]
[WhiteFideId "2817276"]
[BlackFideId "2143801"]
[WhiteElo "2241"]
[BlackElo "2125"]
[Result "1-0"]
[Round "07"]
[TimeControl "180+2"]
[Date "2023.03.07"]
[WhiteClock "0:01:59"]
[BlackClock "0:00:08"]

1. d4 d5 2. Nf3 Nf6 3. g3 g6 4. Bg2 Bg7 5. O-O O-O 6. c4 dxc4 7. Ne5 Nbd7 8. Nxc4 Nb6 9. Ne5 c6 10. Nc3 Nfd5 11. Qb3 Be6 12. Nxd5 Bxd5 13. Bxd5 Qxd5 14. Qxd5 cxd5 15. Bd2 Rac8 16. Rac1 Bxe5 17. dxe5 Rxc1 18. Rxc1 Rc8 19. Rxc8+ Nxc8 20. Be3 Kf8 21. f4 Ke8 22. g4 Kd7 23. Bd4 b6 24. Kf2 Ke6 25. Kf3 f5 26. exf6 exf6 27. e4 dxe4+ 28. Kxe4 Nd6+ 29. Kd3 f5 30. h3 fxg4 31. hxg4 h5 32. f5+ gxf5 33. gxh5 Kf7 34. Ke3 Ne4 35. Kf4 Nf6 36. h6 Kg6 37. Bxf6 Kxf6 38. h7 Kg7 39. Kxf5 Kxh7 40. Ke6 Kg6 41. Kd6 Kf5 42. Kc6 Ke4 43. Kb7 Kd4 44. Kxa7 Kc5 45. Ka6 b5 46. Ka5 Kc4 47. b4 1-0


[Site "https://www.chess.com"]

[Event "Titled Tuesday Blitz March 07 Late 2023"]
[White "Pert, Richard G"]
[Black "Fernandez Guillen, Ernesto J."]
[WhiteFideId "404748"]
[BlackFideId "3512428"]
[WhiteElo "2441"]
[BlackElo "2423"]
[Result "1/2-1/2"]
[Round "07"]
[TimeControl "180+2"]
[Date "2023.03.07"]
[WhiteClock "0:00:03"]
[BlackClock "0:00:15"]

1. Nf3 Nf6 2. d4 g6 3. c4 Bg7 4. Nc3 d6 5. e4 O-O 6. Be2 e5 7. Be3 Nc6 8. d5 Ne7 9. Nd2 Ne8 10. f3 f5 11. Qc2 f4 12. Bf2 g5 13. h3 Ng6 14. O-O-O h5 15. c5 Rf7 16. Kb1 Bf8 17. Nb3 b6 18. cxd6 cxd6 19. Rc1 Bd7 20. Ba6 g4 21. hxg4 hxg4 22. Qe2 g3 23. Be1 Nc7 24. Bb7 Rb8 25. Bc6 Bc8 26. Bd2 a6 27. a4 b5 28. axb5 axb5 29. Na2 Na6 30. Ba5 Qg5 31. Bxb5 Nc5 32. Nxc5 dxc5 33. d6 Be6 34. Bc7 Ra8 35. Bc4 Qf6 36. Nc3 Bxd6 37. Bxd6 Bxc4 38. Qxc4 Qxd6 39. Rh7 Ra7 40. Rd1 Qxd1+ 41. Nxd1 Kxh7 42. Nc3 Rab7 43. Qe6 Rfe7 44. Qf5 Rb8 45. Nd5 Reb7 46. Nf6+ Kg7 47. Ng4 Re7 48. Qf6+ Kh7 49. Qg5 Rb6 50. Nf6+ Kg7 51. Nd5 Reb7 52. Nxb6 Rxb6 53. Qd8 Rb4 54. Qc7+ Kh6 55. Qxc5 Rd4 56. b4 Rd2 57. b5 Rxg2 58. b6 Rh2 59. b7 g2 60. b8=Q Rh1+ 61. Kc2 g1=Q 62. Qxg1 Rxg1 63. Qd8 Rg3 64. Qd1 Kh5 65. Kc3 Nh4 66. Kc4 Nxf3 67. Kd5 Kg4 68. Qb1 Rg2 69. Qb8 Rd2+ 70. Ke6 Ng5+ 71. Kxe5 f3 72. Qc8+ Kg3 73. Qg8 Kg4 74. Qc8+ Kg3 75. Qg8 Kh4 76. Kf4 Nh3+ 77. Kxf3 Rf2+ 78. Ke3 Rf1 79. Qh8+ Kg4 80. Qc8+ Kg3 81. Qc7+ Kg4 82. Qc8+ Kg3 83. e5 Re1+ 84. Kd4 Nf4 85. Qg8+ Kf3 86. Qa8+ Kg4 87. Qg8+ Kf5 88. Qf8+ Kg5 89. Qf6+ Kg4 90. Qg7+ Kf3 91. Qb7+ Kg3 92. Qg7+ Kh4 93. Qh6+ Kg4 94. Qg7+ Kf5 95. Qf7+ Kg4 96. Qg7+ 1/2-1/2


[Site "https://www.chess.com"]

[Event "Titled Tuesday Blitz March 07 Late 2023"]
[White "Bilych, Olexiy"]
[Black "Berezin, Viktor"]
[WhiteFideId "14156504"]
[BlackFideId "14107872"]
[WhiteElo "2320"]
[BlackElo "2310"]
[Result "1/2-1/2"]
[Round "07"]
[TimeControl "180+2"]
[Date "2023.03.07"]
[WhiteClock "0:00:55"]
[BlackClock "0:00:52"]

1. d4 Nf6 2. c4 g6 3. Nc3 Bg7 4. e4 O-O 5. Nge2 d6 6. Ng3 c5 7. d5 e6 8. Be2 exd5 9. cxd5 h5 10. h4 Nbd7 11. Bg5 Ne5 12. Qd2 a6 13. O-O b5 14. a4 b4 15. Nd1 a5 16. Ne3 Ba6 17. Bxa6 Rxa6 18. f4 Ned7 19. Nc4 Qa8 20. Rad1 Re8 21. Rfe1 Ng4 22. f5 Nde5 23. Nxe5 Bxe5 24. Ne2 c4 25. Nd4 Qa7 26. Kf1 Nh2+ 27. Kg1 Ng4 28. Kf1 Nh2+ 29. Kg1 Ng4 1/2-1/2


[Site "https://www.chess.com"]

[Event "Titled Tuesday Blitz March 07 Late 2023"]
[White "Timmermans, Mark"]
[Black "Nilsen, Tobias Lang"]
[WhiteFideId "1026399"]
[BlackFideId "1521624"]
[WhiteElo "2460"]
[BlackElo "2183"]
[Result "1-0"]
[Round "07"]
[TimeControl "180+2"]
[Date "2023.03.07"]
[WhiteClock "0:01:08"]
[BlackClock "0:01:32"]

1. e4 e6 2. d4 d5 3. Nd2 a6 4. Ngf3 Nf6 5. e5 Nfd7 6. c4 dxc4 7. Bxc4 Nb6 8. Be2 c5 9. dxc5 Bxc5 10. O-O O-O 11. Ne4 Qxd1 12. Rxd1 Be7 13. Bg5 Bxg5 14. Nfxg5 Nc6 15. f4 Nd5 16. g3 h6 17. Nf3 Bd7 18. Nc5 Bc8 19. Nd4 Nxd4 20. Rxd4 b6 21. Ne4 Bb7 22. Nd6 Bc6 23. Rc1 Bb5 24. Bf3 Bd7 25. Bxd5 exd5 26. Rc7 Rfd8 27. f5 g6 28. g4 h5 29. h3 hxg4 30. hxg4 gxf5 31. gxf5 Be8 32. Rxd5 Rd7 33. Rc3 Rad8 34. f6 Kh7 35. Rd4 Kg6 36. Rg4+ Kh5 37. Rg2 Kh4 38. Kh2 Rxd6 39. Rh3# 1-0


[Site "https://www.chess.com"]

[Event "Titled Tuesday Blitz March 07 Late 2023"]
[White "Kokoszczynski, Jan"]
[Black "Aldokhin, Ivan"]
[WhiteFideId "1174460"]
[BlackFideId "24115720"]
[WhiteElo "2139"]
[BlackElo "2322"]
[Result "0-1"]
[Round "07"]
[TimeControl "180+2"]
[Date "2023.03.07"]
[WhiteClock "0:00:03"]
[BlackClock "0:00:07"]

1. e4 c5 2. Nf3 e6 3. d4 cxd4 4. Nxd4 a6 5. c4 Qc7 6. Nc3 Nf6 7. Be3 d6 8. f3 Nbd7 9. Be2 Be7 10. O-O b6 11. Qd2 Bb7 12. Rac1 O-O 13. Rfd1 Rac8 14. Qe1 Qb8 15. Qf2 Bd8 16. Kh1 Bc7 17. b4 Rfe8 18. Nb3 d5 19. cxd5 exd5 20. g3 dxe4 21. f4 b5 22. g4 Bb6 23. g5 Rxc3 24. Rxc3 Nd5 25. Rxd5 Bxd5 26. Nc5 Nxc5 27. bxc5 Ba5 28. Rc2 Bc6 29. Kg2 Rd8 30. h4 Bc7 31. a3 Qc8 32. Kg3 Qe6 33. Bg4 Qb3 34. Rd2 Rd3 35. Rxd3 Qxd3 36. Qd2 Qxa3 37. Kf2 Qd3 38. Qa2 b4 39. Be6 Be8 40. Bc4 Qc3 0-1


[Site "https://www.chess.com"]

[Event "Titled Tuesday Blitz March 07 Late 2023"]
[White "Shapiro, David"]
[Black "Sokolin, Leonid"]
[WhiteFideId "24133523"]
[BlackFideId "2009161"]
[WhiteElo "2300"]
[BlackElo "2394"]
[Result "1-0"]
[Round "07"]
[TimeControl "180+2"]
[Date "2023.03.07"]
[WhiteClock "0:00:07"]
[BlackClock "0:00:01"]

1. d4 Nf6 2. c4 c5 3. d5 b5 4. Qc2 bxc4 5. e4 e6 6. Nc3 exd5 7. e5 Bb7 8. exf6 Qxf6 9. Nf3 Be7 10. Be2 O-O 11. Bg5 Qe6 12. Bxe7 Qxe7 13. Qf5 d4 14. Nd5 Bxd5 15. Qxd5 d3 16. O-O dxe2 17. Rfe1 Nc6 18. Qxc4 Rfe8 19. Rac1 Nb4 20. a3 d5 21. Qb3 Na6 22. Qxd5 Rad8 23. Qc4 Qe6 24. Qxe6 Rxe6 25. Rc2 Rd1 26. Rxe2 Rxe2 27. Rxd1 h6 28. Rd2 Re6 29. Kf1 c4 30. Rd8+ Kh7 31. Rd7 Nc5 32. Rc7 Nd3 33. Rxc4 Nxb2 34. Rc7 Ra6 35. Rxf7 Rxa3 36. h4 Nc4 37. h5 Ra5 38. g4 a6 39. Kg2 Ne5 40. Nxe5 Rxe5 41. Ra7 1-0


[Site "https://www.chess.com"]

[Event "Titled Tuesday Blitz March 07 Late 2023"]
[White "Korchmar, Vasiliy"]
[Black "Kochetov, Andrey"]
[WhiteFideId "24131750"]
[BlackFideId "24130532"]
[WhiteElo "2370"]
[BlackElo "2528"]
[Result "1-0"]
[Round "07"]
[TimeControl "180+2"]
[Date "2023.03.07"]
[WhiteClock "0:01:28"]
[BlackClock "0:00:12"]

1. e4 c5 2. Nf3 d6 3. d4 cxd4 4. Nxd4 Nf6 5. Nc3 Nc6 6. Be2 a6 7. O-O e5 8. Nb3 Qc7 9. Be3 Be7 10. Nd5 Nxd5 11. exd5 Nb8 12. Qd2 O-O 13. a4 f5 14. f3 Nd7 15. Na5 Nf6 16. c4 Bd7 17. b4 b6 18. Nb3 a5 19. bxa5 bxa5 20. c5 dxc5 21. Rfc1 Rfb8 22. Nxc5 Bxc5 23. Bxc5 e4 24. Be7 Qe5 25. d6 Rb2 26. Bc4+ Kh8 27. Qc3 Qxc3 28. Rxc3 Rc8 29. Rac1 exf3 30. gxf3 Bxa4 31. Be6 Rxc3 32. Rxc3 Rc2 33. Rxc2 Bxc2 34. Bxf6 1-0


[Site "https://www.chess.com"]

[Event "Titled Tuesday Blitz March 07 Late 2023"]
[White "Preotu, Razvan"]
[Black "Slade, Theodore"]
[WhiteFideId "2613280"]
[BlackFideId "426547"]
[WhiteElo "2407"]
[BlackElo "1964"]
[Result "1-0"]
[Round "07"]
[TimeControl "180+2"]
[Date "2023.03.07"]
[WhiteClock "0:01:07"]
[BlackClock "0:00:09"]

1. e4 e5 2. Nf3 Nc6 3. Bc4 Bc5 4. c3 Nf6 5. d3 a6 6. O-O Ba7 7. a4 d6 8. Re1 h6 9. Nbd2 O-O 10. h3 Re8 11. b4 Be6 12. Bxe6 Rxe6 13. Qc2 d5 14. Nb3 b5 15. Be3 Bxe3 16. Rxe3 dxe4 17. dxe4 Rd6 18. Nc5 Rb8 19. Nxa6 Nh5 20. Nxb8 Qxb8 21. a5 Nf4 22. Ne1 Qd8 23. a6 Rd2 24. Qb3 Qh4 25. Rf3 Ne2+ 26. Kf1 Qxe4 27. Qxf7+ Kh8 28. a7 Nf4 29. a8=Q+ Kh7 30. Qag8# 1-0


[Site "https://www.chess.com"]

[Event "Titled Tuesday Blitz March 07 Late 2023"]
[White "Goltsev, Dmitry"]
[Black "Shohat, Yotam"]
[WhiteFideId "24176710"]
[BlackFideId "2813955"]
[WhiteElo "2336"]
[BlackElo "2226"]
[Result "1-0"]
[Round "07"]
[TimeControl "180+2"]
[Date "2023.03.07"]
[WhiteClock "0:00:51"]
[BlackClock "0:00:03"]

1. e4 c5 2. Nf3 d6 3. d4 cxd4 4. Nxd4 Nf6 5. Nc3 a6 6. Be2 e5 7. Nf5 d5 8. Ng3 d4 9. Nb1 Nc6 10. c3 Bc5 11. O-O O-O 12. cxd4 Nxd4 13. Nc3 h6 14. Be3 Be6 15. Rc1 Qe7 16. Nd5 Bxd5 17. exd5 Rac8 18. Bxd4 exd4 19. Nf5 Qe5 20. Bd3 Qxd5 21. Qd2 Rfe8 22. Qf4 Ne4 23. Rfe1 Ng5 24. h4 Ne6 25. Qg4 g6 26. Nxh6+ Kf8 27. Nxf7 Kxf7 28. Bxg6+ Kf6 29. Bxe8 Rxe8 30. h5 Qf5 31. Qxf5+ Kxf5 32. Rxc5+ Nxc5 33. Rxe8 d3 34. Rd8 Ke4 35. h6 Ne6 36. Rxd3 Kxd3 37. h7 1-0


[Site "https://www.chess.com"]

[Event "Titled Tuesday Blitz March 07 Late 2023"]
[White "Martynov, Pavel"]
[Black "Vaglio Munoz, Jaime"]
[WhiteFideId "4101260"]
[BlackFideId "6500145"]
[WhiteElo "2314"]
[BlackElo "2199"]
[Result "1-0"]
[Round "07"]
[TimeControl "180+2"]
[Date "2023.03.07"]
[WhiteClock "0:02:01"]
[BlackClock "0:00:04"]

1. e4 d6 2. d4 Nf6 3. Nc3 e5 4. Nge2 Be7 5. g3 O-O 6. Bg2 c6 7. O-O b5 8. a3 Bb7 9. h3 Nbd7 10. g4 h6 11. Be3 Re8 12. Ng3 Bf8 13. Qd2 a5 14. f4 b4 15. Nd1 exd4 16. Bxd4 c5 17. Bxf6 Nxf6 18. Nf2 Qb6 19. g5 hxg5 20. fxg5 Nd7 21. Ng4 Ne5 22. Qf4 c4+ 23. Kh2 Qc7 24. Nh5 Ng6 25. Qg3 Rac8 26. Rf5 d5 27. Nhf6+ 1-0


[Site "https://www.chess.com"]